 Dungeon Crawl Stone Soup version 0.16-a0-764-g7febf84 (webtiles) character file.

273 Psiweapon the Practitioner (level 6, -6/34 HPs)
             Began as a Kobold Healer on Sept 24, 2014.
             Was a Believer of Elyvilon.
             Mangled by an orc warrior
             ... wielding a cursed -3 scimitar
              (25 damage)
             ... on Level 4 of the Dungeon.
             The game lasted 00:29:03 (4027 turns).

Psiweapon the Practitioner (Kobold Healer)          Turns: 4027, Time: 00:29:03

HP  -6/34        AC  4     Str 11      XL: 6   Next: 48%
MP   7/11        EV 17     Int 12      God: Elyvilon [**....]
Gold 185         SH  0     Dex 15      Spells:  0 memorised,  5 levels left

rFire  . . .     SeeInvis .     t - +0 falchion
rCold  . . .     Clarity  .     a - +1 robe
rNeg   . . .     rCorr    .     (no shield)
rPois  .         rRot     .     (no helmet)
rElec  .         Spirit   .     e - +0 cloak
SustAb .         Warding  .     (no gloves)
rMut   .         Stasis   .     (no boots)
Gourm  .                        (no amulet)
MR     .....                    (no ring)
                                w - ring of flight

@: not resistant to hostile enchantments, fairly stealthy
A: carnivore 3
a: Lesser Healing, Lesser Self-Healing, Divine Protection, Purification,
Renounce Religion, Evoke Flight


You were on level 4 of the Dungeon.
You worshipped Elyvilon.
Elyvilon was pleased with you.
You were not hungry.

You visited 1 branch of the dungeon, and saw 4 of its levels.

You collected 185 gold pieces.

Inventory:

Hand weapons
 g - a +0 dagger
 m - a +0 hunting sling
 t - a +0 falchion (weapon)
Missiles
 f - 21 bolts of frost
 i - 23 stones (quivered)
 o - 14 arrows of flame
 x - 14 poisoned needles
Armour
 a - a +1 robe (worn)
 e - a +0 cloak (worn)
 k - a +0 ring mail
 y - a +0 ring mail
Comestibles
 d - 3 meat rations
 A - a beef jerky
Scrolls
 h - a scroll of noise {unknown}
 n - a scroll of recharging {unknown}
 q - 2 scrolls of remove curse
 r - a scroll of immolation {unknown}
 v - 4 scrolls of identify {unknown}
Jewellery
 w - a ring of flight (left hand)
 z - an uncursed ring of loudness
Potions
 b - a potion of curing
 c - a potion of heal wounds
 j - 3 potions of magic {unknown}
 l - 3 potions of restore abilities {unknown}
 p - a potion of flight {unknown}
 s - a potion of mutation {unknown}
 u - 2 potions of agility {unknown}
 B - a potion of lignification {unknown}
 C - a potion of haste {unknown}


   Skills:
 - Level 1.1 Fighting
 - Level 2.5(3.0) Short Blades
 + Level 1.2(1.6) Long Blades
 + Level 4.4 Dodging
 + Level 4.0 Stealth
 + Level 4.4 Invocations


You had 5 spell levels left.
You didn't know any spells.

Dungeon Overview and Level Annotations

Branches:
Dungeon (4/15)
 Temple: D:4-7

Altars:
Makhleb
Sif Muna


Innate Abilities, Weirdness & Mutations

You are small and have problems with some larger weapons.
You are carnivorous and can eat meat at any time.


Message History

Use which ability? (? or * to list)
You are healed.
You feel somewhat more hungry. The orc warrior barely misses you.
Use which ability? (? or * to list)
You are healed.
You feel somewhat more hungry. The orc warrior barely misses you.
You hit the orc warrior.
The orc warrior is moderately wounded.
The orc warrior misses you.
You hit the orc warrior.
The orc warrior is heavily wounded.
The orc warrior hits you with a runed scimitar!
* * * LOW HITPOINT WARNING * * *
Use which ability? (? or * to list)
You are healed.
You feel somewhat more hungry.
Use which ability? (? or * to list)
You are healed.
You feel somewhat more hungry.
The orc warrior hits you with a runed scimitar!!
Ouch! That really hurt!
You die...

### ..
..# ...#
#o# #...
#o#
#..####o#
#.<##@#
##..#.#
###..#
#.### ##


You could see an orc warrior and 2 orcs.

Vanquished Creatures
  The ghost of Zurvan the Ruinous, a weakling DrCj (D:3)
  A crimson imp (D:3)
  A centaur skeleton (D:3)
  An orc wizard (D:3)
  4 gnolls (D:3)
  An adder (D:2)
  A giant mite (D:2)
  4 worms
  2 oozes
  5 bats
  2 giant cockroaches
  4 goblins
  6 hobgoblins
  2 giant newts
  4 rats
  A rat zombie (D:3)
40 creatures vanquished.

Vanquished Creatures (others)
  4 bats
  A giant cockroach (D:1)
  2 jackals (D:3)
  A goblin (D:1)
  A kobold (D:2)
9 creatures vanquished.

Grand Total: 49 creatures vanquished

Notes
Turn   | Place    | Note
--------------------------------------------------------------
     0 | D:1      | Psiweapon, the Kobold Healer, began the quest for the Orb.
     0 | D:1      | Reached XP level 1. HP: 12/12 MP: 2/2
   140 | D:1      | Reached XP level 2. HP: 14/16 MP: 1/3
   308 | D:1      | Reached skill level 1 in Stealth
   454 | D:1      | Reached skill level 1 in Short Blades
   710 | D:1      | Reached XP level 3. HP: 18/20 MP: 5/5
  1435 | D:2      | Reached XP level 4. HP: 22/25 MP: 5/7
  2185 | D:3      | Noticed an ogre
  2374 | D:3      | Reached skill level 4 in Invocations
  2374 | D:3      | Reached XP level 5. HP: 16/29 MP: 7/9
  2556 | D:3      | Noticed Zurvan's ghost (weakling DrCj)
  3009 | D:3      | Found a burning altar of Makhleb.
  3409 | D:3      | Found a deep blue altar of Sif Muna.
  3423 | D:3      | Reached XP level 6. HP: 18/34 MP: 8/10
  3581 | D:3      | Reached skill level 1 in Long Blades
  3832 | D:3      | Killed Zurvan's ghost
  4006 | D:4      | Noticed an orc warrior
  4027 | D:4      | Mangled by an orc warrior

Action                   |  1- 3 |  4- 6 || total
-------------------------+-------+-------++-------
Melee: Unarmed           |    16 |       ||    16
       Dagger            |   144 |    75 ||   219
       Falchion          |       |   129 ||   129
 Fire: Hunting sling     |       |     3 ||     3
Throw: Stone             |     1 |     5 ||     6
Invok: Lesser Healing    |    28 |    23 ||    51
       Lesser Self-Heali |     7 |    20 ||    27
 Abil: Evoke Flight      |       |     1 ||     1
  Use: Scroll            |     1 |     3 ||     4
 Stab: Sleeping          |     2 |     1 ||     3
  Eat: Chunk             |    15 |     9 ||    24
